 Dungeon Crawl Stone Soup version 0.16-a0-3154-g62f4276 (webtiles) character file.

58 LogicNinja the Insei (level 3, 0/25 HPs)
             Began as a Lacertilian Monk on Dec 31, 2014.
             Was a Believer of Kikubaaqudgha.
             Slain by an orc wizard
             ... wielding a +0 hand axe
              (5 damage)
             ... on level 3 of the Dungeon.
             The game lasted 00:02:19 (1922 turns).

LogicNinja the Insei (Lacertilian Monk)             Turns: 1922, Time: 00:02:20

Health: 0/25       AC:  5    Str: 11    XL:     3   Next: 75%
Magic:  3/3        EV: 13    Int: 10    God:    Kikubaaqudgha [**....]
Gold:   146        SH:  0    Dex: 16    Spells: 1 memorised, 1 level left

rFire  . . .     SeeInvis .       - Unarmed
rCold  . . .     Clarity  .     a - +0 robe
rNeg   . . .     SustAb   .     (no shield)
rPois  .         Gourm    .     (no helmet)
rElec  .         Spirit   .     (no cloak)
rCorr  .         Warding  .     (no gloves)
rMut   .         Stasis   .     (no boots)
MR     .....                    (no amulet)
Stlth  +++.......               (no ring)
                                (no ring)

@: not resistant to hostile enchantments, fairly stealthy
A: strong connection with the divine, slimy green scales 2, camouflage 1
a: Receive Corpses, Renounce Religion


You were on level 3 of the Dungeon.
You worshipped Kikubaaqudgha.
Kikubaaqudgha was pleased with you.
You were very hungry.

You visited 1 branch of the dungeon, and saw 3 of its levels.

You collected 146 gold pieces.

Inventory:

Armour
 a - a +0 robe (worn)
Jewellery
 r - an uncursed ring of ice
Scrolls
 c - a scroll of magic mapping {unknown}
 e - 5 scrolls of identify {unknown}
 h - a scroll of immolation {unknown}
 m - 2 scrolls of noise {unknown}
 n - a scroll of fog {unknown}
 q - 3 scrolls of enchant armour {unknown}
 s - a scroll of random uselessness {unknown}
Potions
 d - a potion of magic {unknown}
 f - a potion of invisibility {unknown}
 g - 2 potions of agility {unknown}
 i - a potion of lignification {unknown}
 k - a potion of flight {unknown}
 o - a potion of curing {unknown}
 p - a potion of haste {unknown}
 t - a potion of beneficial mutation {unknown}
 u - 2 potions of poison {unknown}
 z - a potion of restore abilities {unknown}
Books
 v - Kikubaaqudgha's Guide on Black Rituals
   (Kikubaaqudgha gifted it to you on level 3 of the Dungeon)

   Spells                             Type                      Level
   a - Pain                           Necromancy                   1
   b - Corpse Rot                     Necromancy                   2
   c - Sublimation of Blood           Necromancy                   2
   d - Regeneration                   Charms/Necromancy            3
   e - Control Undead                 Necromancy                   4
Comestibles
 b - 4 bread rations
 j - 3 slices of pizza
 l - 3 fruits
 w - a chunk of flesh
 x - a meat ration


   Skills:
 - Level 2.4 Fighting
 - Level 3.0 Dodging
 - Level 2.4 Stealth
 * Level 4.8 Unarmed Combat
 + Level 0.8 Necromancy


You had one spell level left.
You knew the following spells:

 Your Spells              Type           Power        Failure   Level  Hunger
a - Pain                  Necr           #...         30%         1    ##.....


Dungeon Overview and Level Annotations

Branches:
Dungeon (3/15)

Altars:
Kikubaaqudgha
Sif Muna
Vehumet
The Shining One


Innate Abilities, Weirdness & Mutations

You have a strong connection with the divine.
You may change religions without suffering divine wrath.
You are mostly covered in slimy green scales (AC +3).
Your skin changes colour to match your surroundings (Stealth).


Message History

You tail-slap the orc wizard, but do no damage.
The orc wizard is heavily wounded.
The orc wizard hits you with a hand axe.
The orc wizard closely misses you.
You hit the orc wizard.
The orc wizard is almost dead.
The orc wizard points at you and mumbles some strange words.
The magic dart hits you!
* * * LOW HITPOINT WARNING * * *
You are too injured to fight recklessly!
You are too injured to fight recklessly!
You are too injured to fight recklessly!
You are too injured to fight recklessly!
You barely miss the orc wizard.
The orc wizard is almost dead.
The orc wizard hits you with a dagger.
* * * LOW HITPOINT WARNING * * *
The orc wizard hits you with a hand axe.
You die...
Kikubaaqudgha rasps: "You have failed me!
Welcome... death!"

####(##......#
# ###.........#
#
##.###########
# ............#
# ..#########.#
# ..# #.# # ..#
#.############
#### ..#
#.....ooo.....'
+... ..#
###...@####
#... ..# #....#
#... ### #....#
#... #...†#
#######'##
#....#
#........#
......#
#........#
.......#
#.........
......###
#........#
..#####
#........#


You could see 2 orc wizards and an orc.

Vanquished Creatures
  An adder (D:3)
  A worm (D:3)
  A giant gecko (D:1)
  An orc (D:3)
  5 hobgoblins
  4 jackals (D:3)
  A quokka (D:2)
  2 ball pythons (D:3)
  5 bats
  A giant cockroach (D:1)
  A giant newt (D:1)
  6 goblins
  9 kobolds
  3 rats
41 creatures vanquished.

Notes
Turn   | Place    | Note
--------------------------------------------------------------
     0 | D:1      | LogicNinja, the Lacertilian Monk, began the quest for the Orb.
     0 | D:1      | Reached XP level 1. HP: 15/15 MP: 1/1
   401 | D:1      | Reached skill level 4 in Unarmed Combat
   401 | D:1      | Reached XP level 2. HP: 17/20 MP: 2/2
  1135 | D:2      | Found a deep blue altar of Sif Muna.
  1422 | D:3      | Reached XP level 3. HP: 25/25 MP: 3/3
  1655 | D:3      | Found an ancient bone altar of Kikubaaqudgha.
  1698 | D:3      | Became a worshipper of Kikubaaqudgha
  1698 | D:3      | Acquired Kikubaaqudgha's first power
  1698 | D:3      | Received a gift from Kikubaaqudgha
  1698 | D:3      | Acquired Kikubaaqudgha's second power
  1699 | D:3      | Identified Kikubaaqudgha's Guide on Black Rituals (Kikubaaqudgha gifted it to you on level 3 of the Dungeon)
  1702 | D:3      | Learned a level 1 spell: Pain
  1787 | D:3      | Found a glowing golden altar of the Shining One.
  1787 | D:3      | Found a radiant altar of Vehumet.
  1922 | D:3      | Slain by an orc wizard

Action                   || total
-------------------------++-------
Melee: Unarmed           ||   147
Invok: Receive Corpses   ||     1
 Stab: Sleeping          ||     7
       Distracted        ||     2
  Eat: Chunk             ||     2
